 Dungeon Crawl Stone Soup version 0.25-a0-667-gb977e01cb5 (webtiles) character file.

Game seed: 10470448553766343944, levelgen mode: deterministic

61868 Mgcat the Severer (level 14, -15/127 HPs)
             Began as a Minotaur Abyssal Knight on Mar 27, 2020.
             Was a High Priest of Lugonu.
             Killed from afar by Azrael (31 damage)
             ... with damnation
             ... on level 2 of the Orcish Mines on Mar 28, 2020.
             The game lasted 00:41:16 (24220 turns).

Mgcat the Severer (Minotaur Abyssal Knight)        Turns: 24220, Time: 00:41:16

Health: -15/127    AC: 20    Str: 22    XL:     14   Next: 62%
Magic:  21/21      EV: 11    Int:  9    God:    Lugonu [*****.]
Gold:   2385       SH:  0    Dex: 10    Spells: 13/13 levels left

rFire    + . .     SeeInvis +   f - +7 battleaxe (distort)
rCold    + . .     Gourm    .   (shield currently unavailable)
rNeg     + + .     Faith    .   k - +0 plate armour
rPois    +         Spirit   .   (helmet restricted)
rElec    .         Reflect  .   I - scarf {rC+ rF+}
rCorr    .         Harm     .   q - +1 pair of gloves
MR       ++...                  s - +1 pair of boots
Stlth    ..........             l - amulet of Insomnia {+Rage +Inv rN+ MR+ SInv}
HPRegen  0.31/turn              o - ring of poison resistance {rPois, !d}
MPRegen  0.17/turn              C - ring of the Kraken {*Contam +Fly rN+ Slay+2 SInv}

@: no status effects
A: retaliatory headbutt, horns 2
a: Depart the Abyss, Bend Space, Banish, Corrupt, Enter the Abyss, Renounce
Religion, Evoke Berserk Rage, Evoke Invisibility, Evoke Flight


You were on level 2 of the Orcish Mines.
You worshipped Lugonu.
Lugonu was extremely pleased with you.
You were hungry.

You visited 3 branches of the dungeon, and saw 20 of its levels.
You visited the Abyss 2 times.
You also visited: Ossuary.

You collected 2456 gold pieces.
You spent 71 gold pieces at shops.

Inventory:

Hand Weapons
 f - a +7 battleaxe of distortion (weapon)
   (You took it off a wight on level 7 of the Dungeon)
Missiles
 y - 4 throwing nets {=f, !d}
Armour
 k - a +0 plate armour (worn)
   (You found it on level 2 of the Dungeon)
 q - a +1 pair of gloves (worn)
   (You found it on level 7 of the Dungeon)
 s - a +1 pair of boots (worn)
   (You found it on level 3 of the Dungeon)
 B - the +0 buckler of Doasm {rF+ Str+5}
   (You found it on level 7 of the Dungeon)

   It affects your strength (+5).
   It protects you from fire.
 I - a scarf of resistance (worn)
   (You found it on level 4 of the Lair of Beasts)
Jewellery
 l - the amulet of Insomnia (around neck) {+Rage +Inv rN+ MR+ SInv}
   (You found it on level 1 of the Lair of Beasts)

   [amulet of rage]

   It protects you from negative energy.
   It affects your resistance to hostile enchantments.
   It lets you see invisible.
   It lets you turn invisible.
   It lets you go berserk.
 o - a ring of poison resistance (left hand) {rPois, !d}
   (You found it on level 2 of the Lair of Beasts)
 r - the amulet "Etaast Goith" {Gourm +Inv rN+++ MP-9 Int+5 Dex-2}
   (You found it on level 7 of the Dungeon)

   [amulet of the gourmand]

   It allows you to eat raw meat even when not hungry.
   It affects your intelligence (+5).
   It affects your dexterity (-2).
   It renders you almost immune to negative energy.
   It affects your magic capacity (-9).
   It lets you turn invisible.
 C - the ring of the Kraken (right hand) {*Contam +Fly rN+ Slay+2 SInv}
   (You found it on level 7 of the Dungeon)

   [ring of see invisible]

   It affects your accuracy and damage with ranged weapons and melee attacks
   (+2).
   It protects you from negative energy.
   It lets you see invisible.
   It lets you fly.
   It causes magical contamination when unequipped.
Wands
 d - a wand of iceblast (51)
   (You found it on level 2 of the Lair of Beasts)
 u - a wand of disintegration (5)
   (You found it on level 9 of the Dungeon)
 D - a wand of digging (6)
   (You took it off Harold on level 2 of the Lair of Beasts)
Scrolls
 a - 3 scrolls of fear
 e - 6 scrolls of blinking {!r}
 g - 9 scrolls of remove curse
 h - 9 scrolls of teleportation
 x - a scroll of amnesia
 A - 2 scrolls of identify
 G - 8 scrolls of magic mapping {!r}
 J - a scroll of brand weapon
Potions
 b - a potion of resistance
 i - 2 potions of heal wounds
 j - 4 potions of brilliance
 n - 4 potions of stabbing
 p - 12 potions of curing
 t - 5 potions of flight
 v - 3 potions of mutation {!q}
 w - 2 potions of might
 z - 3 potions of invisibility
 E - 2 potions of ambrosia
 F - 4 potions of haste
Miscellaneous
 m - a box of beasts
 K - a phial of floods
   (You found it on level 6 of the Lair of Beasts)
Comestibles
 c - 35 rations


   Skills:
 + Level 12.7 Fighting
 * Level 16.9 Axes
 + Level 12.4 Armour
 + Level 11.4 Dodging
 + Level 10.7 Invocations
 - Level 5.0 Evocations


You had 13 spell levels left.
You didn't know any spells.
Your spell library contained the following spells:

 Spells                   Type           Power        Failure   Level  Hunger
 Corona                   Hex            #......      99%         1    ##.....
 Foxfire                  Conj/Fire      #...         99%         1    ##.....
 Freeze                   Ice            #...         99%         1    ##.....
 Magic Dart               Conj           #...         99%         1    ##.....
 Summon Small Mammal      Summ           #...         99%         1    ##.....
 Blink                    Tloc           N/A          100%        2    ###....
 Call Imp                 Summ           #.......     100%        2    ###....
 Corpse Rot               Necr/Air       N/A          100%        2    ###....
 Searing Ray              Conj           #.....       100%        2    ###....
 Shroud of Golubria       Chrm/Tloc      #.....       100%        2    ###....
 Slow                     Hex            #.......     100%        2    ###....
 Call Canine Familiar     Summ           #.......     100%        3    ####...
 Confusing Touch          Hex            #.......     100%        3    ####...
 Conjure Flame            Conj/Fire      #.......     100%        3    ####...
 Dazzling Flash           Conj/Hex       #.....       100%        3    ####...
 Frozen Ramparts          Ice            #.....       100%        3    ####...
 Gell's Gravitas          Tloc           #.........   100%        3    ####...
 Inner Flame              Hex/Fire       #.......     100%        3    ####...
 Lesser Beckoning         Tloc           #.........   100%        3    ####...
 Mephitic Cloud           Conj/Pois/Air  #.......     100%        3    ####...
 Ozocubu's Armour         Chrm/Ice       #.......     100%        3    ####...
 Portal Projectile        Hex/Tloc       #.....       100%        3    ####...
 Stone Arrow              Conj/Erth      #.....       100%        3    ####...
 Summon Guardian Golem    Hex/Summ       #.......     100%        3    ####...
 Teleport Other           Tloc           #.......     100%        3    ####...
 Cause Fear               Hex            #.........   100%        4    #####..
 Fulminant Prism          Conj/Hex       #.........   100%        4    #####..
 Hailstorm                Conj/Ice       #.......     100%        4    #####..
 Iskenderun's Mystic Bla  Conj/Tloc      #.......     100%        4    #####..
 Leda's Liquefaction      Hex/Erth       #.........   100%        4    #####..
 Passage of Golubria      Tloc           N/A          100%        4    #####..
 Petrify                  Tmut/Erth      #.......     100%        4    #####..
 Sticky Flame             Conj/Fire      #.......     100%        4    #####..
 Summon Ice Beast         Ice/Summ       #.......     100%        4    #####..
 Summon Lightning Spire   Summ/Air       #.......     100%        4    #####..
 Fireball                 Conj/Fire      #.........   100%        5    ######.
 Irradiate                Conj/Tmut      #.........   100%        5    ######.
 Metabolic Englaciation   Hex/Ice        #.........   100%        5    ######.
 Summon Demon             Summ           #.........   100%        5    ######.
 Summon Forest            Summ/Tloc      #.........   100%        5    ######.
 Yara's Violent Unravell  Hex/Tmut       #.........   100%        5    ######.
 Eringya's Noxious Bog    Tmut/Pois      #.........   100%        6    #######
 Hydra Form               Tmut           #.........   100%        6    #######
 Shadow Creatures         Summ           N/A          100%        6    #######
 Statue Form              Tmut/Erth      #........    100%        6    #######
 Dragon Form              Tmut           #.........   100%        7    #######
 Summon Hydra             Summ           #.........   100%        7    #######


Dungeon Overview and Level Annotations

Branches:
Dungeon (12/15)            Temple (0/1) D:7            Lair (6/6) D:9
 Shoals (0/4) Lair:3        Snake (0/4) Lair:4        Slime (0/5) Lair:5
    Orc (2/2) D:12            Elf (0/3) Orc:2       Ossuary (visited)

Altars:
Ashenzari
Dithmenos
Elyvilon
Gozag
Hepliaklqana
Kikubaaqudgha
Makhleb
Nemelex Xobeh
Okawaru
Qazlal
Sif Muna
Vehumet
Zin

Shops:
D:8 ?

Portals:
Trove: D:12 (give +6 demon whip)

Annotations:
D:9 1 runed translucent door
Orc:2 Azrael


Innate Abilities, Weirdness & Mutations

You reflexively headbutt those who attack you in melee.
You have a pair of horns on your head.


Message History

The anaconda skeleton constricts you.
You hit the anaconda skeleton.
Space bends around the anaconda skeleton.
The anaconda skeleton is heavily damaged.
You slash the small abomination!
Space warps horribly around the small abomination!!
You destroy the small abomination!
The anaconda skeleton bites you but does no damage.
The anaconda skeleton constricts you.
You barely miss the anaconda skeleton.
The anaconda skeleton is heavily damaged.
The anaconda skeleton bites you. The anaconda skeleton constricts you.
The anaconda skeleton closely misses you.
The anaconda skeleton constricts you.
You take 3 damage, and have 79/127 hp.
You slash the anaconda skeleton!
Space bends around the anaconda skeleton.
You headbutt the anaconda skeleton!
The anaconda skeleton is almost destroyed.
The anaconda skeleton bites you but does no damage.
The anaconda skeleton constricts you.
You slice the anaconda skeleton!!
You destroy the anaconda skeleton!
You start resting.
A tentacled starspawn comes into view.
You regained 17 hp, and now have 96/127 hp.
Unknown command.
You pass through the gate.
Welcome back to the Orcish Mines!
Level annotation: Azrael The hell hound closely misses you.
You furiously retaliate!
You headbutt the hell hound.
You now have 20/21 mp.
Spoiler Alert: Azrael can cast smite-targeted Hellfire!
Unknown command.
Lua error: [string "/dgldir/rcfiles/crawl-git/Mgcat.rc"]:930: invalid capture index Unknown command.
Lua error: [string "/dgldir/rcfiles/crawl-git/Mgcat.rc"]:930: invalid capture index Unknown command.
Lua error: [string "/dgldir/rcfiles/crawl-git/Mgcat.rc"]:930: invalid capture index Unknown command.
Spoiler Alert: Azrael can cast smite-targeted Hellfire!
Unknown command.
Lua error: [string "/dgldir/rcfiles/crawl-git/Mgcat.rc"]:930: invalid capture index You miss the hell hound.
The hell hound is lightly wounded.
The hell hound closely misses you. x2
Lua error: [string "/dgldir/rcfiles/crawl-git/Mgcat.rc"]:930: invalid capture index The hell hound barks!
You slash the hell hound!
Space bends around the hell hound.
You headbutt the hell hound, but do no damage.
The hell hound is severely wounded.
Azrael gestures at you. The bolt of fire hits you! You resist.
The hell hound barely misses you.
You take 10 damage, and have 87/127 hp.
Spoiler Alert: Azrael can cast smite-targeted Hellfire!
The hell hound bites you but does no damage.
Lua error: [string "/dgldir/rcfiles/crawl-git/Mgcat.rc"]:930: invalid capture index The hell hound breathes flames at you.
The blast of flame hits you. You resist.
You take 3 damage, and have 84/127 hp.
Lua error: [string "/dgldir/rcfiles/crawl-git/Mgcat.rc"]:930: invalid capture index Azrael gestures at you.
The fireball explodes!
The fireball engulfs you!! You resist.
The fireball engulfs Azrael.
Azrael completely resists.
The fireball engulfs the fire elemental.
The fire elemental completely resists.
The fire elemental hits you. The fire elemental burns you! You resist.
You barely miss Azrael. Your headbutt misses Azrael.
You hit the hell hound but do no damage.
The hell hound looks slightly unstable.
You slash the fire elemental!
The fire elemental disappears!
Azrael gestures at you.
The fireball explodes!
The fireball engulfs you! You resist.
The fireball engulfs Azrael.
Azrael completely resists.
The fireball engulfs the hell hound.
The hell hound completely resists.
You take 40 damage, and have 44/127 hp.
MASSIVE DAMAGE!!
MP restored: 21 Spoiler Alert: Azrael can cast smite-targeted Hellfire!
You slice Azrael!!
Space bends around Azrael.
Azrael is moderately wounded.
You hit the hell hound.
Space warps horribly around the hell hound!!
You kill the hell hound!
Lugonu accepts your kill. The hell hound breathes flames at you.
The blast of flame hits you but does no damage.
The blast of flame hits Azrael.
Azrael completely resists.
Azrael gestures at you.
The sphere of damnation explodes!
The damnation engulfs you!!
* * * LOW HITPOINT WARNING * * *
The damnation engulfs Azrael.
Azrael completely resists.
You take 28 damage, and have 16/127 hp.
MASSIVE DAMAGE!!
Spoiler Alert: Azrael can cast smite-targeted Hellfire!
You slice Azrael!! You headbutt Azrael!
Azrael is severely wounded.
Azrael blinks!
Azrael gestures at you.
The sphere of damnation explodes!
The damnation engulfs you!!
You die...

#..........### .....h...
.#...........######........
...>..........#......R.....
.##...........#....))......
..............#.....)......
.....#............÷##......
.....#....#.......#.# .#...
.....##.###.....§##.## # .
..... ### ##...§@h...# ...
#.....##.## #......####
##....## ###.## ##


You could see Azrael and a hell hound.

Vanquished Creatures
  Jorgrun (D:12)
  A fire dragon (Lair:6)
  Harold (Lair:2)
  A hydra (Lair:1)
  2 catoblepae (Lair:6)
  6 two-headed ogres
  2 death yaks (Lair:6)
  A deep troll shaman (Lair:6)
  Urug (Orc:1)
  Nergalle (D:11)
  An unseen horror (D:12)
  A necromancer (Lair:3)
  An anaconda skeleton (Abyss:1)
  A lindwurm (Lair:6)
  A manticore (D:11)
  A cyclops (D:12)
  A deep elf mage (D:12)
  An ice statue (D:11)
  5 elephants
  4 black mambas
  A torpor snail (Lair:6)
  10 spiny frogs
  2 gargoyles
  14 rime drakes (Lair:6)
  A polar bear (Lair:6)
  A troll (D:10)
  A queen bee (D:8)
  2 slime creatures (Lair:5)
  11 blink frogs
  9 hippogriffs
  A wraith (D:7)
  A ynoxinul (Abyss:1)
  6 wyverns
  A fire elemental (Orc:2)
  2 basilisks
  10 steam dragons
  2 hungry ghosts
  39 yaks
  2 soldier ants (D:9)
  A chaos spawn (Abyss:1)
  7 nagas (Lair:4)
  5 hell hounds (Orc:2)
  Duvessa (D:6)
  12 water moccasins
  6 porcupines
  A small abomination (Abyss:1)
  An ice beast (D:10)
  A swamp drake (D:8)
  2 sky beasts (D:8)
  2 phantoms
  18 orc warriors
  2 black bears
  13 ogres
  2 necrophages (D:7)
  5 crocodiles
  3 centaurs
  15 wolves
  17 bullfrogs
  Dowan (D:6)
  2 water moccasin zombies (Ossuary)
  2 scorpions
  36 killer bees
  5 wights
  6 electric eels
  3 howler monkeys
  2 bullfrog zombies
  7 crimson imps
  2 centaur zombies
  5 human zombies (D:7)
  15 orc priests
  2 centaur skeletons
  5 hounds
  5 jellies
  A gnoll shaman (D:7)
  A human skeleton (D:7)
  25 orc wizards
  6 iguanas
  18 worker ants
  2 yak simulacra (Lair:3)
  2 wolf simulacra (Lair:3)
  2 polar bear simulacra (Lair:3)
  4 big kobold zombies (Ossuary)
  3 mummies
  A worker ant zombie (D:7)
  7 gnolls
  15 adders
  A shadow imp (D:7)
  An ooze (D:5)
  An adder skeleton (D:5)
  6 adder zombies
  2 worms
  A dart slug (D:1)
  2 leopard geckos
  92 orcs
  10 bats
  3 giant cockroaches
  3 gnoll zombies (Ossuary)
  10 goblins
  A hobgoblin (D:3)
  2 jackals (D:6)
  8 quokkas
  2 ball pythons
  6 frilled lizards
  4 hobgoblin zombies (Ossuary)
  A jackal skeleton (D:7)
  7 kobolds
  3 kobold zombies (Ossuary)
  2 leopard gecko skeletons
  A leopard gecko zombie (D:7)
  3 orc zombies (Ossuary)
  A quokka skeleton (D:5)
  A quokka zombie (D:6)
  5 rats
  3 river rat simulacra (Lair:3)
  3 fungi
  5 plants
639 creatures vanquished.

Vanquished Creatures (collateral kills)
  A hydra (D:11)
1 creature vanquished.

Vanquished Creatures (others)
  5 hydras
  3 death yaks (Lair:6)
  An ugly thing (D:7)
  An elephant (Lair:6)
  A spiny frog (Lair:6)
  A rime drake (Lair:4)
  A polar bear (Lair:4)
  A hippogriff (Lair:6)
  A slime creature (Lair:5)
  2 yaks
  A soldier ant (D:12)
  An orc warrior (Orc:2)
  A wolf (Lair:3)
  A crocodile (Lair:4)
  6 fungi
  A lurking horror (Abyss:1)
  10 plants
38 creatures vanquished.

Grand Total: 678 creatures vanquished

Notes
Turn   | Place    | Note
-------+----------+-------------------------------------------
     0 | Abyss:1  | Mgcat the Minotaur Abyssal Knight began the quest for the
                  | Orb.
     0 | Abyss:1  | Reached XP level 1. HP: 19/19 MP: 1/1
    53 | Abyss:1  | Noticed an apocalypse crab
    54 | D:1      | Escaped the Abyss
   197 | D:1      | Reached * piety under Lugonu
   264 | D:1      | Reached XP level 2. HP: 27/27 MP: 2/2
   376 | D:1      | Reached skill level 2 in Invocations
   442 | D:1      | Reached skill level 3 in Axes
  1202 | D:2      | Found a sparkling altar of Nemelex Xobeh.
  1212 | D:2      | Reached XP level 3. HP: 30/33 MP: 3/3
  1376 | D:2      | Found an iron altar of Okawaru.
  1807 | D:3      | Reached skill level 4 in Fighting
  1807 | D:3      | Reached skill level 3 in Armour
  1943 | D:3      | Reached skill level 2 in Dodging
  2047 | D:3      | Reached XP level 4. HP: 40/40 MP: 4/4
  2119 | D:3      | Reached skill level 4 in Axes
  2183 | D:3      | Reached ** piety under Lugonu
  2202 | D:3      | Found a shimmering blue altar of Sif Muna.
  2273 | D:3      | Reached XP level 5. HP: 37/46 MP: 4/6
  2970 | D:4      | Found a shattered altar of Ashenzari.
  2990 | D:4      | Found a glowing silver altar of Zin.
  2991 | D:4      | Found a hazy altar of Hepliaklqana.
  3002 | D:4      | Reached skill level 3 in Invocations
  3006 | D:4      | Reached XP level 6. HP: 33/53 MP: 7/7
  3256 | D:4      | Found a shattered altar of Ashenzari.
  3354 | D:4      | Reached skill level 5 in Axes
  3796 | D:4      | HP: 12/53 [ogre/+0 giant club (23)]
  4477 | D:4      | Reached skill level 4 in Armour
  4477 | D:4      | Reached skill level 3 in Dodging
  4741 | D:5      | Entered Level 5 of the Dungeon
  4852 | D:5      | Reached skill level 5 in Fighting
  4898 | D:5      | Reached XP level 7. HP: 21/61 MP: 8/8
  5090 | D:5      | Reached *** piety under Lugonu
  5105 | D:5      | Reached skill level 6 in Axes
  5700 | D:6      | HP: 14/61 [acid (3)]
  5706 | D:6      | HP: 7/61 [bullfrog zombie (5)]
  5996 | D:6      | Reached skill level 4 in Invocations
  6036 | D:6      | Found an opulent altar of Gozag.
  6081 | D:6      | Reached skill level 5 in Armour
  6081 | D:6      | Reached skill level 4 in Dodging
  6281 | D:6      | Found a white marble altar of Elyvilon.
  6286 | D:6      | Noticed Duvessa
  6303 | D:6      | Killed Duvessa
  6303 | D:6      | Reached skill level 7 in Axes
  6303 | D:6      | Reached XP level 8. HP: 56/70 MP: 10/10
  6598 | D:6      | Noticed Dowan
  6650 | D:6      | Killed Dowan
  6650 | D:6      | Reached skill level 6 in Fighting
  7448 | D:7      | Reached skill level 8 in Axes
  7539 | D:7      | Reached skill level 5 in Dodging
  7549 | D:7      | Reached skill level 6 in Armour
  7624 | D:7      | Reached skill level 5 in Invocations
  7679 | D:7      | Found an ancient bone altar of Kikubaaqudgha.
  7713 | D:7      | Reached XP level 9. HP: 67/78 MP: 11/11
  7843 | D:7      | Reached **** piety under Lugonu
  7898 | D:7      | Reached skill level 9 in Axes
  7912 | D:7      | Reached skill level 7 in Fighting
  8010 | D:7      | Found a staircase to the Ecumenical Temple.
  8047 | D:7      | Found a shadowy altar of Dithmenos.
  8296 | D:7      | Found a sparkling altar of Nemelex Xobeh.
  8296 | D:7      | Found a white marble altar of Elyvilon.
  8297 | D:7      | Found a burning altar of Makhleb.
  8297 | D:7      | Found a burning altar of Makhleb.
  8316 | D:7      | Noticed a cyan ugly thing
  8324 | D:7      | HP: 8/79 [cyan ugly thing (13)]
  8325 | D:7      | Banished a cyan ugly thing
  8586 | D:7      | Got a heavily runed ruby amulet
  8587 | D:7      | Identified the amulet "Etaast Goith" {Gourm +Inv rN+++ MP-9
                  | Int+5 Dex-2} (You found it on level 7 of the Dungeon)
  8614 | D:7      | Reached skill level 6 in Dodging
  8617 | D:7      | Reached skill level 7 in Armour
  8628 | D:7      | Got a steaming buckler
  8628 | D:7      | Got a crude bone ring
  8636 | D:7      | Got a fine scimitar
  8653 | D:7      | Identified the +0 buckler of Doasm {rF+ Str+5} (You found
                  | it on level 7 of the Dungeon)
  8660 | D:7      | Identified the ring of the Kraken {*Contam +Fly rN+ Slay+2
                  | SInv} (You found it on level 7 of the Dungeon)
  8698 | D:7      | Reached skill level 10 in Axes
  8709 | D:7      | Reached skill level 6 in Invocations
  8939 | D:7      | Reached skill level 8 in Fighting
  8939 | D:7      | Reached XP level 10. HP: 80/88 MP: 4/13
  9151 | D:8      | Found a sand-covered staircase.
  9159 | Ossuary  | Entered an ossuary
  9360 | D:8      | Reached ***** piety under Lugonu
  9421 | D:8      | Found Orido's Magic Scroll Shop.
  9425 | D:8      | Bought a scroll of fear for 45 gold pieces
  9425 | D:8      | Bought a scroll of identify for 26 gold pieces
  9513 | D:8      | Noticed a two-headed ogre
  9523 | D:8      | Killed a two-headed ogre
  9523 | D:8      | Reached skill level 11 in Axes
  9533 | D:8      | Reached skill level 8 in Armour
  9533 | D:8      | Reached skill level 7 in Dodging
  9579 | D:8      | HP: 22/90 [killer bee (6)]
 10241 | D:8      | You fall into a shaft and drop 1 floor!
 10287 | D:9      | Found a runed translucent door.
 10291 | D:9      | Found a runed translucent gate.
 10291 | D:9      | Found a runed translucent gate.
 10294 | D:9      | Found the +9 staff of Olgreb {rPois∞}
 10297 | D:9      | Found a runed translucent door.
 10684 | D:8      | Reached skill level 7 in Invocations
 11538 | D:9      | Reached skill level 9 in Fighting
 11628 | D:9      | Found a runed translucent gate.
 11708 | D:9      | Found a radiant altar of Vehumet.
 11828 | D:9      | Found a staircase to the Lair.
 12074 | D:9      | Reached XP level 11. HP: 97/97 MP: 6/15
 12082 | D:9      | Reached skill level 12 in Axes
 12414 | D:10     | Entered Level 10 of the Dungeon
 12515 | D:10     | Noticed a two-headed ogre
 12524 | D:10     | Killed a two-headed ogre
 12524 | D:10     | Reached skill level 9 in Armour
 13063 | D:10     | Found a shadowy altar of Dithmenos.
 13081 | D:10     | Reached skill level 8 in Dodging
 13490 | D:11     | Noticed Nergalle
 13493 | D:11     | Noticed a two-headed ogre
 13503 | D:11     | HP: 22/99 [two-headed ogre/+0 giant club (9)]
 13505 | D:11     | Killed a two-headed ogre
 13834 | D:11     | Noticed a two-headed ogre
 13839 | D:11     | Killed Nergalle
 13839 | D:11     | Reached skill level 13 in Axes
 13839 | D:11     | Reached skill level 8 in Invocations
 13843 | D:11     | Killed a two-headed ogre
 13843 | D:11     | Reached skill level 10 in Fighting
 13845 | D:11     | Reached ****** piety under Lugonu
 13933 | D:11     | Noticed a seven-headed hydra
 13939 | D:11     | Killed a seven-headed hydra
 14050 | D:11     | Found a stormy altar of Qazlal.
 14241 | D:11     | Reached XP level 12. HP: 106/106 MP: 8/17
 14439 | Lair:1   | Entered Level 1 of the Lair of Beasts
 14559 | Lair:1   | Noticed a five-headed hydra
 14566 | Lair:1   | Killed a six-headed hydra
 14566 | Lair:1   | Reached skill level 10 in Armour
 14566 | Lair:1   | Reached skill level 9 in Dodging
 14611 | Lair:1   | Got an ancient lead amulet
 14613 | Lair:1   | Identified the amulet of Insomnia {+Rage +Inv rN+ MR+ SInv}
                  | (You found it on level 1 of the Lair of Beasts)
 14784 | Lair:1   | Noticed a six-headed hydra
 14786 | Lair:1   | Banished a six-headed hydra
 15268 | Lair:2   | Reached skill level 1 in Evocations
 15677 | Lair:2   | Reached skill level 14 in Axes
 15853 | Lair:2   | Noticed Harold
 15875 | Lair:2   | Killed Harold
 15875 | Lair:2   | Reached skill level 2 in Evocations
 15876 | Lair:2   | Identified a +7 battleaxe of distortion (a +5 battleaxe
                  | corrupted by Lugonu)
 15876 | Lair:2   | Received a gift from Lugonu
 16087 | Lair:3   | Found a staircase to the Shoals.
 16114 | Lair:3   | Reached skill level 9 in Invocations
 16174 | Lair:3   | Reached skill level 11 in Fighting
 16822 | Lair:4   | Noticed a four-headed hydra
 16823 | Lair:4   | Banished a four-headed hydra
 16846 | Lair:4   | Reached skill level 3 in Evocations
 17087 | Lair:4   | Reached XP level 13. HP: 56/116 MP: 18/18
 17467 | Lair:4   | Reached skill level 11 in Armour
 17476 | Lair:4   | Reached skill level 10 in Dodging
 17556 | Lair:4   | Reached skill level 15 in Axes
 17571 | Lair:4   | Found a staircase to the Snake Pit.
 18019 | Lair:5   | Found a staircase to the Slime Pits.
 18418 | Lair:5   | Reached skill level 4 in Evocations
 18519 | Lair:6   | Entered Level 6 of the Lair of Beasts
 18924 | Lair:6   | Identified the Reference Book on Entrancing Companions
 19002 | Lair:6   | Reached skill level 10 in Invocations
 19227 | Lair:6   | Reached skill level 12 in Fighting
 19482 | Lair:6   | Reached skill level 5 in Evocations
 19508 | Lair:6   | Reached XP level 14. HP: 75/126 MP: 20/20
 19511 | Lair:6   | Reached skill level 16 in Axes
 20091 | Lair:6   | Reached skill level 12 in Armour
 20853 | D:12     | Reached skill level 11 in Dodging
 21047 | D:12     | Found a staircase to the Orcish Mines.
 21093 | D:12     | Noticed Jorgrun
 21201 | D:12     | Killed Jorgrun
 21572 | D:12     | Found a portal to a secret trove of treasure.
 22074 | D:12     | Found a staircase to the Orcish Mines.
 22165 | D:11     | HP: 31/127 [ice beast[an ice statue] (3)]
 22195 | D:11     | HP: 21/127 [manticore/volley of spikes (15)]
 22593 | Orc:1    | Entered Level 1 of the Orcish Mines
 22642 | Orc:1    | Noticed Urug
 22660 | Orc:1    | Killed Urug
 22661 | Orc:1    | HP: 28/127 [orc warrior/+0 halberd (12)]
 22682 | Orc:1    | HP: 13/127 [orc priest/divine providence (11)]
 23449 | Orc:2    | Entered Level 2 of the Orcish Mines
 23666 | Orc:2    | Found a staircase to the Elven Halls.
 23799 | Orc:2    | Noticed Azrael
 23814 | Orc:2    | HP: 29/127 [Azrael/bolt of fire (6)]
 23886 | Abyss:1  | HP: 30/127 [chaos spawn (9)]
 24210 | Abyss:1  | Noticed a tentacled starspawn
 24212 | Orc:2    | Escaped the Abyss
 24219 | Orc:2    | HP: 16/127 [Azrael/damnation (29)]
 24220 | Orc:2    | Killed from afar by Azrael

Levels and vault maps discovered:
D:1:      ebering_trefoil_3fold, layout_basic
D:2:      layout_rooms, okawaru_ov_weapons_minmay, old_standard_altar,
          minmay_pentomino_r2
D:3:      layout_basic, marbit_many_paths, minmay_statues_item,
          kennysheep_generic_room_5
D:4:      layout_layer_cave, kennysheep_mini, lemuel_crystal_altar,
          lemuel_round_altar, first_ration, nicolae_ashenzari_panopticon
D:5:      layout_basic
D:6:      layout_rooms, nicolae_overflow_hidden_temple, elyvilon_altar_3,
          serial_co_window_serial, co_window_corner_a, co_window_cross_1,
          co_window_paths_b, co_window_paths_b, co_window_paths_b,
          co_window_of_opportunity_c, co_window_broadway_b,
          co_window_broadway_a, glass_columns_c, glass_columns_a,
          glass_columns_b, uniq_duvessa
D:7:      minmay_the_grid_octo_tiled_squarecenter
          [minmay_the_grid_octo_fan_narrow,
          minmay_the_grid_octo_tetromino_candy, minmay_the_grid_octo_shrine,
          minmay_the_grid_octo_teeth,
          minmay_the_grid_square_5x5_megaprize_checkered,
          minmay_the_grid_square_5x5_n, minmay_the_grid_square_5x5_n_small,
          minmay_the_grid_square_5x5_lines,
          minmay_the_grid_square_5x5_beaten_path], layout_loops_ring,
          nicolae_overflow_crystal_walls, lemuel_mausoleum_altar_kikubaaqudgha,
          minmay_temple_entry_offerings, minmay_strange_pillars
D:8:      cheibrodos_two_vegetables, layout_basic, serial_shops, shop,
          nicolae_ossuary_entry_plus, david_nohive_1
D:9:      layout_basic, vehumet_crystals, grunt_lair_entry_orc_guard_hut,
          minmay_guarded_unrand_staff_of_olgreb
D:10:     layout_basic, nicolae_dithmenos_shadow_blocks
D:11:     layout_rooms, serial_glass, glass_columns_a, glass_columns_c,
          minivault_16, grunt_qazlal_clouds, uniq_nergalle
D:12:     layout_roguey, david_orc_4, nicolae_trove_entry_crystal,
          feat_on_display, uniq_jorgrun
Lair:1:   statuecave_lemuel, layout_gridlike
Lair:2:   layout_gridlike, infiniplex_staircase_pool, uniq_harold
Lair:3:   layout_misc_corridors, shoals_dummy_entry, eino_house_with_fridge,
          grunt_megastairs_4
Lair:4:   layout_regular_city, minmay_snake_entry_guardpost_medium,
          beast_lair_carwin_4
Lair:5:   layout_misc_corridors, minmay_slime_entry_pillars, st_stairs_8
Lair:6:   grunt_lair_end_beastmaster, layout_long_grid,
          bobbens_dragon_lair_wall, grunt_megastairs_1, serial_bayou_shore_b,
          serial_bayou_shore_a
Orc:1:    layout_caves, nicolae_orc_lava_room, uniq_urug
Orc:2:    st_orc_mages, layout_diamond_mine, basic_altar, uniq_azrael

Skill      XL: |  1  2  3  4  5  6  7  8  9 10 11 12 13 14 |
---------------+-------------------------------------------+-----
Invocations    | 2 3 4 5 6 7 8 9 10 | 10.7
Axes           | 3 4 5 7 8 10 11 13 14 15 16 | 16.9
Fighting       | 4 5 6 8 9 10 11 12 | 12.7
Armour         | 3 4 5 6 7 8 9 10 11 12 | 12.4
Dodging        | 2 3 4 5 6 7 8 9 10 11 | 11.4
Evocations     | 3 5 |  5.0

Action                   |  1- 3 |  4- 6 |  7- 9 | 10-12 | 13-15 || total
-------------------------+-------+-------+-------+-------+-------++-------
Melee: Hand axe          |   114 |   185 |   226 |       |       ||   525
       Headbutt          |     9 |    31 |    71 |   109 |    84 ||   304
       Battleaxe         |       |       |   125 |   599 |   485 ||  1209
       Unarmed           |       |       |     9 |       |       ||     9
Invok: Depart the Abyss  |     1 |       |       |       |     1 ||     2
       Bend Space        |       |     1 |       |       |       ||     1
       Banish            |       |       |     1 |     3 |     7 ||    11
       Brand Weapon With |       |       |       |     1 |       ||     1
       Enter the Abyss   |       |       |       |       |     1 ||     1
Evoke: Wand              |       |       |       |    23 |     4 ||    27
       Box of beasts     |       |       |       |     1 |       ||     1
  Use: Scroll            |       |     7 |       |    15 |     7 ||    29
       Potion            |       |     1 |     3 |     6 |       ||    10
 Stab: Invisible         |       |       |       |     5 |       ||     5
       Distracted        |       |       |       |       |     1 ||     1
  Eat: Chunk             |     4 |     9 |    22 |    23 |    22 ||    80
       Ration            |       |       |     1 |       |     1 ||     2
Armor: Leather armour    |    13 |       |       |       |       ||    13
       Plate armour      |    64 |   119 |   192 |   344 |   274 ||   993
       Skin              |       |       |     1 |    33 |       ||    34
Dodge: Dodged            |    44 |    65 |    87 |   277 |   255 ||   728
Block: Buckler           |       |    16 |    18 |       |       ||    34

Table legend:
 A = Non-vault XP
 B = Vault XP
 C = Vault XP percentage of total XP
 D = Non-vault monster count
 E = Vault monster count
 F = Vault count percentage of total count
                 A         B        C        D         E       F
            +---------+---------+-------+---------+---------+-------
      Total |   52867 |   35517 |  40.2 |     440 |     214 |  32.7
            +---------+---------+-------+---------+---------+-------
        D:1 |      29 |       0 |   0.0 |      17 |       0 |   0.0
        D:2 |      35 |       3 |   7.9 |      13 |       2 |  13.3
        D:3 |     142 |      19 |  11.8 |      21 |       4 |  16.0
        D:4 |     410 |       0 |   0.0 |      33 |       0 |   0.0
        D:5 |     402 |       0 |   0.0 |      17 |       0 |   0.0
        D:6 |     714 |     218 |  23.4 |      20 |       2 |   9.1
        D:7 |    1703 |    2035 |  54.4 |      31 |      28 |  47.5
        D:8 |    1757 |    1753 |  49.9 |      15 |      24 |  61.5
        D:9 |     557 |    2226 |  80.0 |      11 |      27 |  71.1
       D:10 |    2918 |       0 |   0.0 |      29 |       0 |   0.0
       D:11 |    6713 |    1289 |  16.1 |      31 |       2 |   6.1
       D:12 |    4679 |    3994 |  46.1 |      17 |      20 |  54.1
     Lair:1 |    2984 |       0 |   0.0 |      11 |       0 |   0.0
     Lair:2 |    3608 |     987 |  21.5 |      24 |       1 |   4.0
     Lair:3 |    4029 |     985 |  19.6 |      21 |      11 |  34.4
     Lair:4 |    6006 |    2472 |  29.2 |      23 |      11 |  32.4
     Lair:5 |    3497 |    1426 |  29.0 |      12 |       5 |  29.4
     Lair:6 |    8259 |   15985 |  65.9 |      28 |      44 |  61.1
      Orc:1 |    1261 |     851 |  40.3 |      37 |       1 |   2.6
      Orc:2 |    2000 |     933 |  31.8 |      25 |       6 |  19.4
    Abyss:1 |    1164 |       0 |   0.0 |       4 |       0 |   0.0
    Ossuary |       0 |     341 | 100.0 |       0 |      26 | 100.0
            +---------+---------+-------+---------+---------+-------

Levels and vault maps discovered:
D:1:      ebering_trefoil_3fold, layout_basic
D:2:      layout_rooms, okawaru_ov_weapons_minmay, old_standard_altar,
          minmay_pentomino_r2
D:3:      layout_basic, marbit_many_paths, minmay_statues_item,
          kennysheep_generic_room_5
D:4:      layout_layer_cave, kennysheep_mini, lemuel_crystal_altar,
          lemuel_round_altar, first_ration, nicolae_ashenzari_panopticon
D:5:      layout_basic
D:6:      layout_rooms, nicolae_overflow_hidden_temple, elyvilon_altar_3,
          serial_co_window_serial, co_window_corner_a, co_window_cross_1,
          co_window_paths_b, co_window_paths_b, co_window_paths_b,
          co_window_of_opportunity_c, co_window_broadway_b,
          co_window_broadway_a, glass_columns_c, glass_columns_a,
          glass_columns_b, uniq_duvessa
D:7:      minmay_the_grid_octo_tiled_squarecenter
          [minmay_the_grid_octo_fan_narrow,
          minmay_the_grid_octo_tetromino_candy, minmay_the_grid_octo_shrine,
          minmay_the_grid_octo_teeth,
          minmay_the_grid_square_5x5_megaprize_checkered,
          minmay_the_grid_square_5x5_n, minmay_the_grid_square_5x5_n_small,
          minmay_the_grid_square_5x5_lines,
          minmay_the_grid_square_5x5_beaten_path], layout_loops_ring,
          nicolae_overflow_crystal_walls, lemuel_mausoleum_altar_kikubaaqudgha,
          minmay_temple_entry_offerings, minmay_strange_pillars
D:8:      cheibrodos_two_vegetables, layout_basic, serial_shops, shop,
          nicolae_ossuary_entry_plus, david_nohive_1
D:9:      layout_basic, vehumet_crystals, grunt_lair_entry_orc_guard_hut,
          minmay_guarded_unrand_staff_of_olgreb
D:10:     layout_basic, nicolae_dithmenos_shadow_blocks
D:11:     layout_rooms, serial_glass, glass_columns_a, glass_columns_c,
          minivault_16, grunt_qazlal_clouds, uniq_nergalle
D:12:     layout_roguey, david_orc_4, nicolae_trove_entry_crystal,
          feat_on_display, uniq_jorgrun
Lair:1:   statuecave_lemuel, layout_gridlike
Lair:2:   layout_gridlike, infiniplex_staircase_pool, uniq_harold
Lair:3:   layout_misc_corridors, shoals_dummy_entry, eino_house_with_fridge,
          grunt_megastairs_4
Lair:4:   layout_regular_city, minmay_snake_entry_guardpost_medium,
          beast_lair_carwin_4
Lair:5:   layout_misc_corridors, minmay_slime_entry_pillars, st_stairs_8
Lair:6:   grunt_lair_end_beastmaster, layout_long_grid,
          bobbens_dragon_lair_wall, grunt_megastairs_1, serial_bayou_shore_b,
          serial_bayou_shore_a
Orc:1:    layout_caves, nicolae_orc_lava_room, uniq_urug
Orc:2:    st_orc_mages, layout_diamond_mine, basic_altar, uniq_azrael

Table legend:
 A = Turns spent in this place as a percentage of turns spent in the entire game.
 B = Non-inter-level travel turns spent in this place as a percentage of non-inter-level travel turns spent in the entire game.
 C = Inter-level travel turns spent in this place as a percentage of turns spent in this place.
 D = Turns resting spent in this place as a percentage of non-inter-level travel turns spent in this place.
 E = Turns spent auto-exploring this place as a percentage of non-inter-level travel turns spent in this place.
 F = Non-inter-level travel turns spent in this place divided by the number of levels of this place that you've seen.
                   A       B       C       D       E      F
               +-------+-------+-------+-------+-------+----------------------
         Total | 100.0 | 100.0 |   5.0 |  31.0 |  52.7 | 1000.0
       Dungeon |  67.9 |  67.2 |   6.1 |  33.1 |  52.0 | 1287.3
          Lair |  26.0 |  26.6 |   3.0 |  24.6 |  58.7 | 1019.3
  Orcish Mines |   3.5 |   3.6 |   2.7 |  19.7 |  51.1 | 416.5
         Abyss |   1.9 |   2.0 |   0.0 |  76.2 |   0.4 | 225.0
       Ossuary |   0.6 |   0.7 |   0.0 |   0.0 |  46.4 | 153.0
               +-------+-------+-------+-------+-------+----------------------

Table legend:
 A = Kills in this place as a percentage of kills in entire the game.
 B = Kills by you in this place as a percentage of kills by you in the entire game.
 C = Kills by friends in this place as a percentage of kills by friends in the entire game.
 D = Other kills in this place as a percentage of other kills in the entire game.
 E = Experience gained in this place as a percentage of experience gained in the entire game.
 F = Experience gained in this place divided by the number of levels of this place that you have seen.
                   A       B       C       D       E      F
               +-------+-------+-------+-------+-------+----------------------
         Total | 100.0 | 100.0 | 100.0 | 100.0 | 100.0 | 3842.8
       Dungeon |  55.7 |  57.2 | 100.0 |   9.1 |  35.7 | 2633.0
          Lair |  29.2 |  27.3 |   0.0 |  86.4 |  56.8 | 8373.0
  Orcish Mines |  10.6 |  10.8 |   0.0 |   4.5 |   5.7 | 2522.5
         Abyss |   0.6 |   0.6 |   0.0 |   0.0 |   1.3 | 582.0
       Ossuary |   4.0 |   4.1 |   0.0 |   0.0 |   0.4 | 341.0
               +-------+-------+-------+-------+-------+----------------------
